 Dungeon Crawl Stone Soup version 0.19-a0-562-g1076154 (webtiles) character file.

298 IamBaum the Charmwright (level 6, -3/41 HPs)
             Began as a High Elf Skald on June 8, 2016.
             Was an Initiate of Ru.
             Killed by divine providence
             ... invoked by an orc priest
              (11 damage)
             ... on level 3 of the Dungeon.
             The game lasted 00:30:12 (4653 turns).

IamBaum the Charmwright (High Elf Skald)            Turns: 4653, Time: 00:30:13

Health: -3/41      AC:  5    Str: 13    XL:     6   Next: 13%
Magic:  10/11      EV: 14    Int: 15    God:    Ru [......]
Gold:   149        SH:  0    Dex: 18    Spells: 3 memorised, 5 levels left

rFire  . . .     SeeInvis .     a - +1 short sword
rCold  . . .     Gourm    .     b - +0 leather armour
rNeg   . . .     Faith    .     (no shield)
rPois  .         Spirit   .     (no helmet)
rElec  .         Dismiss  .     (no cloak)
rCorr  .         Reflect  .     f - +1 pair of gloves
SustAt .         Harm     .     (no boots)
MR     .....                    (no amulet)
Stlth  ++........               (no ring)
                                y - +2 ring of strength

@: singing, not resistant to hostile enchantments, unstealthy
A: no striking features
a: Renounce Religion, Stop Singing


You were on level 3 of the Dungeon.
You worshipped Ru.
Ru was noncommittal.
You were hungry.

You visited 1 branch of the dungeon, and saw 3 of its levels.

You collected 149 gold pieces.

Inventory:

Hand Weapons
 a - a +1 short sword (weapon)
 j - a +0 short sword
 r - a +0 dagger
Missiles
 l - 42 bolts
Armour
 b - a +0 leather armour (worn)
 f - a +1 pair of gloves (worn)
 g - a +0 ring mail
 h - a +0 ring mail
 i - a +0 scale mail
 m - a +0 robe
Jewellery
 y - a +2 ring of strength (left hand)
Scrolls
 e - 3 scrolls of enchant weapon
 p - a scroll of enchant armour
 q - a scroll of fear {unknown}
 s - 2 scrolls of identify
Potions
 k - a potion of berserk rage {unknown}
 n - 4 potions of curing {unknown}
 o - a potion of brilliance
 t - 3 potions of cancellation {unknown}
 u - a potion of agility {unknown}
 v - a potion of lignification {unknown}
 x - a potion of flight {unknown}
Books
 c - a book of Battle

   Spells                             Type                      Level
   a - Infusion                       Charms                       1
   b - Shroud of Golubria             Charms/Translocation         2
   c - Song of Slaying                Charms                       2
   d - Spectral Weapon                Hexes/Charms                 3
   e - Regeneration                   Charms/Necromancy            3
Comestibles
 d - 2 bread rations
 z - 3 fruits
 A - a meat ration


   Skills:
 + Level 2.4 Fighting
 * Level 4.2 Short Blades
 + Level 1.8 Armour
 * Level 3.8 Dodging
 + Level 0.8 Stealth
 + Level 3.3 Spellcasting
 + Level 0.2 Hexes
 + Level 4.5 Charms


You had 5 spell levels left.
You knew the following spells:

 Your Spells              Type           Power        Failure   Level  Hunger
a - Infusion              Chrm           ###.         4%          1    None
b - Song of Slaying       Chrm           ###.....     8%          2    ##.....
c - Spectral Weapon       Hex/Chrm       #.......     30%         3    ###....


Dungeon Overview and Level Annotations

Branches:
Dungeon (3/15)

Altars:
Makhleb
Pakellas
Ru


Message History

Eat which item? (? for menu, Esc to quit)
Mmm...
That's the fabled Pandemonium Pizza!
Casting: Song of Slaying
Confirm with . or Enter, or press ? or * to list all spells.
You start singing a song of slaying.
You are feeling hungry.
Your leather armour prevents you from hitting the orc priest.
The orc priest hits you.
You hit the orc priest.
The orc priest is moderately wounded.
You hit the orc priest.
The orc priest is heavily wounded.
The orc priest mumbles some strange prayers to Beogh against you.
Beogh smites you!
* * * LOW HITPOINT WARNING * * *
You hear a shout!
The orc barely misses you.
The orc priest mumbles some strange prayers to Beogh against you.
Beogh smites you!
You die...

#.# #....#.#######
#.# ##.###.##....#
#.# #.###.##o##.#
#.# #..##.##o##.###
#.# ##.##.##.##.o.#
####.#
#..#.##o####o#######
.....# ##.#.##o#
#....o.o# ######
#.#.##.# #######o# #
#...##@# #.# #
##..##.# #o# #
#..##.######## ..o #
##.##........# #.# #
#.#########.# #.# #
##...........# #.# #
###.......######.#.#
#...>............
#.#+#####.#######


You could see an orc priest and 3 orcs.

Vanquished Creatures
  An ice beast (D:2)
  An ogre (D:3)
  A hound (D:2)
  2 adders (D:3)
  A worm (D:3)
  3 dart slugs
  2 giant geckos (D:2)
  An orc (D:3)
  9 bats
  4 giant cockroaches (D:1)
  5 goblins
  14 hobgoblins
  3 jackals (D:1)
  5 kobolds
  6 giant newts
  9 rats
67 creatures vanquished.

Vanquished Creatures (others)
  A spectral weapon (D:3)
1 creature vanquished.

Grand Total: 68 creatures vanquished

Notes
Turn   | Place    | Note
--------------------------------------------------------------
     0 | D:1      | IamBaum the High Elf Skald began the quest for the Orb.
     0 | D:1      | Reached XP level 1. HP: 14/14 MP: 4/4
   659 | D:1      | Reached XP level 2. HP: 19/19 MP: 2/6
   714 | D:1      | Reached skill level 1 in Armour
   908 | D:1      | Learned a level 2 spell: Song of Slaying
  1238 | D:1      | Reached XP level 3. HP: 20/24 MP: 0/8
  2218 | D:2      | Found a sacrificial altar of Ru.
  2226 | D:2      | Became a worshipper of Ru the Awakened
  2335 | D:2      | Found a burning altar of Makhleb.
  2602 | D:2      | Learned a level 3 spell: Spectral Weapon
  2624 | D:2      | Reached XP level 4. HP: 23/29 MP: 3/9
  3008 | D:3      | Noticed an ice beast
  3278 | D:3      | HP: 1/29 [ice beast (11)]
  3285 | D:2      | Killed an ice beast
  3285 | D:2      | Reached XP level 5. HP: 2/34 MP: 0/10
  3860 | D:3      | Found an oddly glowing altar of Pakellas.
  3914 | D:3      | Noticed an ogre
  3927 | D:3      | Killed an ogre
  3927 | D:3      | Reached XP level 6. HP: 12/41 MP: 0/11
  4653 | D:3      | Killed from afar by an orc priest

Vault maps used:
D:1:      grunt_arrival_crossed_arrows
D:2:      overflow_temple_1_default, makhleb_blood_cavern_becter
D:3:      grunt_pakellas_salt, serial_bayou_lagoon_a

Skill      XL: |  1  2  3  4  5 |
---------------+----------------+-----
Armour         | 1 |  1.8
Short Blades   | 3 4 |  4.2
Dodging        | 2 3 |  3.8
Spellcasting   | 3 |  3.3
Charms         | 4 |  4.5
Fighting       | |  2.4
Stealth        | |  0.8
Hexes          | |  0.2

Action                   |  1- 3 |  4- 6 || total
-------------------------+-------+-------++-------
Melee: Short sword       |   171 |    73 ||   244
 Cast: Infusion          |    17 |     9 ||    26
       Song of Slaying   |     8 |     7 ||    15
       Spectral Weapon   |       |     4 ||     4
  Use: Scroll            |     7 |       ||     7
  Eat: Chunk             |     5 |     2 ||     7
       Bread ration      |     1 |       ||     1
       Pizza             |       |     1 ||     1
Armor: Leather armour    |    64 |    21 ||    85
       Ring mail         |     1 |       ||     1
Dodge: Dodged            |   116 |    38 ||   154
